 Dungeon Crawl Stone Soup version 0.23.0 (webtiles) character file.

Game seed: 7778374253457239275

364 Temi the Covered (level 6, -2/51 HPs)
             Began as a Gnoll Wanderer on Feb 17, 2019.
             Slain by a killer bee (5 damage)
             ... on level 4 of the Dungeon.
             The game lasted 00:08:26 (3678 turns).

Temi the Covered (Gnoll Wanderer)                   Turns: 3678, Time: 00:08:26

Health: -2/51      AC:  3    Str: 15    XL:     6   Next: 67%
Magic:  9/9        EV: 12    Int: 15    God:
Gold:   233        SH:  0    Dex: 15    Spells: 7/9 levels left

rFire    . . .     SeeInvis +   c - +0 hand crossbow
rCold    . . .     Gourm    .   (no shield)
rNeg     . . .     Faith    +   u - +0 leather armour
rPois    .         Spirit   .   (no helmet)
rElec    .         Reflect  .   (no cloak)
rCorr    .         Harm     .   (no gloves)
MR       .....                  (no boots)
Stlth    +++.......             G - amulet of faith
HPRegen  0.17/turn              w - ring of see invisible
MPRegen  0.11/turn              (no ring)

@: lethally poisoned (-2 -> -4)
A: distributed training, fangs 1, strong nose
a: no special abilities


You were on level 4 of the Dungeon.
You were very hungry.

You visited 1 branch of the dungeon, and saw 4 of its levels.

You collected 233 gold pieces.

Inventory:

Hand Weapons
 b - a +2 blowgun
 c - a +0 hand crossbow (weapon)
 n - a +0 short sword of venom
Missiles
 a - a curare-tipped needle
 d - 25 bolts (quivered)
 j - 18 poisoned needles
Armour
 u - a +0 leather armour (worn)
Jewellery
 s - an uncursed amulet of guardian spirit
 w - a ring of see invisible (left hand)
 E - an uncursed amulet of the acrobat
 G - an amulet of faith (around neck)
Wands
 q - a wand of enslavement (8)
 t - a wand of flame (20)
 F - a wand of iceblast (3)
Scrolls
 f - a scroll of enchant armour {unknown}
 i - a scroll of fog {unknown}
 l - 2 scrolls of identify {unknown}
 m - 2 scrolls of remove curse {unknown}
 p - a scroll of teleportation {unknown}
 v - a scroll of enchant weapon {unknown}
 x - a scroll of fear {unknown}
 y - a scroll of amnesia {unknown}
 D - a scroll of magic mapping {unknown}
Potions
 g - 2 potions of haste {unknown}
 k - a potion of might {unknown}
 o - a potion of agility {unknown}
 r - a potion of invisibility {unknown}
 z - a potion of lignification {unknown}
 A - 2 potions of flight {unknown}
 B - 2 potions of brilliance {unknown}
 C - a potion of mutation {unknown}
Comestibles
 h - 9 rations


   Skills:
 + Level 5.0 Fighting
 + Level 3.3 Short Blades
 + Level 2.0 Long Blades
 + Level 2.0 Axes
 + Level 3.3 Maces & Flails
 + Level 2.0 Polearms
 + Level 2.0 Staves
 + Level 2.0 Slings
 + Level 2.0 Bows
 + Level 2.0 Crossbows
 + Level 5.0 Throwing
 + Level 5.0 Armour
 + Level 2.0 Dodging
 + Level 4.6 Stealth
 + Level 2.0 Shields
 + Level 2.0 Unarmed Combat
 + Level 2.0 Spellcasting
 + Level 1.6 Conjurations
 + Level 1.6 Hexes
 + Level 1.6 Charms
 + Level 1.6 Summonings
 + Level 1.6 Necromancy
 + Level 1.6 Translocations
 + Level 1.6 Transmutations
 + Level 1.6 Fire Magic
 + Level 1.6 Ice Magic
 + Level 1.6 Air Magic
 + Level 1.6 Earth Magic
 + Level 1.6 Poison Magic
 + Level 2.2 Invocations
 + Level 2.0 Evocations


You had 7 spell levels left.
You knew the following spells:

 Your Spells              Type           Power        Failure   Level  Hunger
a - Passwall              Tmut/Erth      #.......     21%         2    ###....

Your spell library contained the following spells:

 Spells                   Type           Power        Failure   Level  Hunger
 Sandblast                Erth           #.....       14%         1    #......
 Stone Arrow              Conj/Erth      #.....       38%         3    ###....
 Petrify                  Tmut/Erth      #.......     80%         4    #####..
 Lee's Rapid Deconstruct  Erth           #.........   98%         5    ######.


Dungeon Overview and Level Annotations

Branches:
Dungeon (4/15)
 Temple: D:4-7

Altars:
Zin


Innate Abilities, Weirdness & Mutations

Your experience applies equally to all skills.
You have very sharp teeth.
Your uncanny sense of smell can sniff out nearby items.


Message History

The killer bee poisons you!
You feel better. The killer bee stings you.
You are poisoned.
The killer bee poisons you! The killer bee barely misses you.
You feel sick. The killer bee misses you. The killer bee completely misses you.
You feel sick. The killer bee barely misses you.
You feel sick. The killer bee closely misses you. The killer bee stings you!
* * * LOW HITPOINT WARNING * * *
You feel sick. The killer bee closely misses you.
You see here a scorpion corpse.
The killer bee closely misses you.
You are feeling very hungry.
You feel sick. The killer bee completely misses you. The killer bee stings you.
* * * LOW HITPOINT WARNING * * *
You feel sick. The killer bee stings you.
You die...

#........ ######........
####### ####.............
#y(...# #..+.............
#y###y####.##.......#####.
#. #y#.........###.# #. #.
#.#.##.#..#.# #.# #. #y
#y#...<#..#.###.# ## #y
#†#..@.#..#.....# #.
#.##y..############### #y
#yy...........†..[....
######.########...####
........# #...# #
######### #...# # #...####
#....... #.......


You could see 2 killer bees.

Vanquished Creatures
  2 scorpions (D:4)
  3 hounds
  2 orc wizards (D:4)
  A worker ant (D:4)
  2 adders (D:3)
  2 oozes
  4 worms
  A dart slug (D:3)
  3 leopard geckos (D:1)
  3 orcs (D:4)
  A ball python (D:2)
  8 bats
  6 giant cockroaches
  5 goblins
  7 hobgoblins
  5 jackals (D:1)
  2 quokkas
  4 frilled lizards
  9 kobolds
  7 rats
77 creatures vanquished.

Notes
Turn   | Place    | Note
-------+----------+-------------------------------------------
     0 | D:1      | Temi the Gnoll Wanderer began the quest for the Orb.
     0 | D:1      | Temi set off with the following items: a curare-tipped
                  | needle, a +2 blowgun, a +0 hand crossbow, 23 bolts, a
                  | potion of curing, a +0 robe, a +0 dagger, a ration
     0 | D:1      | Reached XP level 1. HP: 20/20 MP: 1/1
   130 | D:1      | Reached XP level 2. HP: 26/26 MP: 2/2
   413 | D:1      | Reached XP level 3. HP: 27/31 MP: 3/3
   885 | D:2      | Found a glowing silver altar of Zin.
   955 | D:2      | Reached skill level 1 in Invocations
  1358 | D:2      | Reached skill level 1 in Long Blades
  1358 | D:2      | Reached skill level 1 in Axes
  1358 | D:2      | Reached skill level 1 in Polearms
  1358 | D:2      | Reached skill level 1 in Staves
  1358 | D:2      | Reached skill level 1 in Slings
  1358 | D:2      | Reached skill level 1 in Bows
  1358 | D:2      | Reached skill level 1 in Crossbows
  1358 | D:2      | Reached skill level 1 in Dodging
  1358 | D:2      | Reached skill level 1 in Shields
  1358 | D:2      | Reached skill level 1 in Unarmed Combat
  1358 | D:2      | Reached skill level 1 in Spellcasting
  1358 | D:2      | Reached skill level 1 in Evocations
  1358 | D:2      | Reached XP level 4. HP: 19/38 MP: 5/5
  2030 | D:3      | Reached skill level 1 in Conjurations
  2030 | D:3      | Reached skill level 1 in Hexes
  2030 | D:3      | Reached skill level 1 in Charms
  2030 | D:3      | Reached skill level 1 in Summonings
  2030 | D:3      | Reached skill level 1 in Necromancy
  2030 | D:3      | Reached skill level 1 in Translocations
  2030 | D:3      | Reached skill level 1 in Transmutations
  2030 | D:3      | Reached skill level 1 in Fire Magic
  2030 | D:3      | Reached skill level 1 in Ice Magic
  2030 | D:3      | Reached skill level 1 in Air Magic
  2030 | D:3      | Reached skill level 1 in Earth Magic
  2030 | D:3      | Reached skill level 1 in Poison Magic
  2171 | D:3      | Reached XP level 5. HP: 43/43 MP: 6/6
  3159 | D:4      | Reached XP level 6. HP: 43/50 MP: 6/8
  3449 | D:4      | Reached skill level 5 in Fighting
  3449 | D:4      | Reached skill level 5 in Throwing
  3449 | D:4      | Reached skill level 5 in Armour
  3467 | D:4      | Learned a level 2 spell: Passwall
  3678 | D:4      | Slain by a killer bee

Skill      XL: |  1  2  3  4  5  6 |
---------------+-------------------+-----
Invocations    | 1 2 |  2.2
Long Blades    | 1 2 |  2.0
Axes           | 1 2 |  2.0
Polearms       | 1 2 |  2.0
Staves         | 1 2 |  2.0
Slings         | 1 2 |  2.0
Bows           | 1 2 |  2.0
Crossbows      | 1 2 |  2.0
Dodging        | 1 2 |  2.0
Shields        | 1 2 |  2.0
Unarmed Combat | 1 2 |  2.0
Spellcasting   | 1 2 |  2.0
Evocations     | 1 2 |  2.0
Conjurations   | 1 |  1.6
Hexes          | 1 |  1.6
Charms         | 1 |  1.6
Summonings     | 1 |  1.6
Necromancy     | 1 |  1.6
Translocations | 1 |  1.6
Transmutations | 1 |  1.6
Fire Magic     | 1 |  1.6
Ice Magic      | 1 |  1.6
Air Magic      | 1 |  1.6
Earth Magic    | 1 |  1.6
Poison Magic   | 1 |  1.6
Short Blades   | 3 |  3.3
Maces & Flails | 3 |  3.3
Fighting       | 5 |  5.0
Throwing       | 5 |  5.0
Armour         | 5 |  5.0
Stealth        | |  4.6

Action                   |  1- 3 |  4- 6 || total
-------------------------+-------+-------++-------
Melee: Hand crossbow     |       |     1 ||     1
 Fire: Hand crossbow     |   100 |   138 ||   238
  Use: Potion            |       |     2 ||     2
  Eat: Chunk             |     1 |     3 ||     4
       Ration            |       |     1 ||     1
Armor: Robe              |     2 |     6 ||     8
       Leather armour    |       |    10 ||    10
Dodge: Dodged            |    35 |    61 ||    96
